 Dungeon Crawl Stone Soup version 0.29-a0-1065-g47a6bb87d6 (webtiles) character file.

Game seed: 8732473494912345000

593 nickcage the Sneak (level 7, -1/38 HPs)
             Began as a Kobold Enchanter on Aug 18, 2022.
             Slain by a gnoll
             ... wielding a +0 whip
             ... led by a gnoll bouda
              (4 damage)
             ... on level 5 of the Dungeon.
             The game lasted 00:16:43 (6594 turns).

nickcage the Sneak (Kobold Enchanter)               Turns: 6594, Time: 00:16:44

Health: -1/38      AC:  3    Str:  5    XL:     7   Next: 67%
Magic:  8/10       EV: 15    Int: 25    God:
Gold:   104        SH:  0    Dex: 15    Spells: 8/10 levels left

rFire   . . .      SeeInvis .   x - +2 dagger (protect)
rCold   . . .      Faith    .   (no shield)
rNeg    . . .      Spirit   .   b - +0 robe
rPois   .          Reflect  .   (no helmet)
rElec   .          Harm     .   (no cloak)
rCorr   .          Rampage  .   d - +0 pair of gloves
Will    .....                   (no boots)
Stlth   +++++.....              (no amulet)
HPRegen 0.12/turn               p - +6 ring of intelligence
MPRegen 0.12/turn               (no ring)

@: weakened, very slightly contaminated
A: small, no large weapons, nightstalker 3
a: no special abilities


You were on level 5 of the Dungeon.
You visited 2 branches of the dungeon, and saw 6 of its levels.
You also visited: Sewer.

You collected 104 gold pieces.

Inventory:

Hand Weapons
 a - a +1 dagger
 x - a +2 dagger of protection (weapon)
Missiles
 i - 11 poisoned darts
Armour
 b - a +0 robe (worn)
 d - a +0 pair of gloves (worn)
Jewellery
 p - a +6 ring of intelligence (left hand)
Wands
 s - a wand of iceblast (2)
Scrolls
 e - 6 scrolls of magic mapping
 f - a scroll of fear {unknown}
 g - 6 scrolls of identify {unknown}
 j - 2 scrolls of teleportation {unknown}
 k - 2 scrolls of noise {unknown}
 l - a scroll of immolation {unknown}
 m - a scroll of summoning {unknown}
 o - a scroll of butterflies {unknown}
 y - a scroll of enchant weapon {unknown}
Potions
 c - 3 potions of invisibility
 h - 6 potions of curing {unknown}
 n - a potion of magic {unknown}
 q - 3 potions of heal wounds {unknown}
 r - a potion of attraction {unknown}
 t - a potion of cancellation {unknown}
 u - a potion of lignification {unknown}
 v - a potion of degeneration {unknown}
 w - 2 potions of flight {unknown}
 z - a potion of mutation {unknown}


   Skills:
 + Level 1.4 Fighting
 + Level 6.8 Short Blades
 - Level 2.4 Dodging
 + Level 7.4 Stealth
 - Level 2.4 Spellcasting
 - Level 4.1 Hexes
 - Level 0.5 Ice Magic


You had 8 spell levels left.
You knew the following spells:

 Your Spells              Type           Power      Damage    Failure   Level
a - Ensorcelled Hibernat  Hex/Ice        28%        N/A       6%          2

Your spell library contained the following spells:

 Spells                   Type           Power      Damage    Failure   Level
 Confusing Touch          Hex            23%        N/A       6%          3
 Tukima's Dance           Hex            23%        N/A       6%          3
 Apportation              Tloc           6%         N/A       11%         1
 Magic Dart               Conj           12%        1d3       11%         1
 Necrotise                Necr           12%        1d4       11%         1
 Summon Small Mammal      Summ           12%        N/A       11%         1
 Dazzling Flash           Conj/Hex       26%        N/A       14%         3
 Static Discharge         Conj/Air       3%         3-4/arc   16%         2
 Conjure Flame            Conj/Fire      3%         6-21      32%         3
 Ignite Poison            Fire/Tmut/Pois 3%         N/A       32%         3
 Dispel Undead            Necr           3%         3d7       71%         4
 Sticky Flame             Conj/Fire      3%         2d3       71%         4


Dungeon Overview and Level Annotations

Branches:
Dungeon (5/15)             Temple (1/1) D:4           Sewer (visited)

Altars:
Ashenzari
Elyvilon
Fedhas
Gozag
Hepliaklqana
Nemelex Xobeh
Okawaru
Qazlal
Ru
Sif Muna
Vehumet
Wu Jian
Xom
Yredelemnul
Zin
The Shining One


Innate Abilities, Weirdness & Mutations

You are small and have problems with some larger weapons.
You are completely attuned to the shadows.


Message History

A gnoll comes into view. It is wielding a +0 whip.
There is an open door here.
A gnoll bouda comes into view. It is wielding a +0 whip.
An adder comes into view.
A gnoll comes into view. It is wielding a +0 club.
The adder hisses angrily.
The gnoll bouda shouts!
The gnoll shouts! x2
The gnoll closely misses you.
The gnoll bouda barks out a call to the hunt!
The gnolls pick up the pace!
The gnoll moves out of view.
You hear a shout! x2
A dart slug comes into view.
The gnoll hits you from afar with a +0 halberd!
The gnoll hits you with a +0 whip.
There is an open door, spattered with blood here.
The gnoll attacks as you move away! The gnoll hits you with a +0 whip.
The gnoll closely misses you.
Aiming: Ensorcelled Hibernation (safe; 6% risk of failure)
Press: ? - help, Q - select action, (/) - cycle Shift-Dir - straight line, f - gnoll
Aim: a gnoll, wielding a +0 whip and quivering a throwing net (covering ground quickly, chance to affect: 56%)
You miscast Ensorcelled Hibernation.
You are very lightly contaminated with residual magic.
Nothing appears to happen.
The gnoll hits you from afar with a +0 halberd.
The gnoll bouda gazes fiercely through you!
You feel your attacks grow feeble. The gnoll barely misses you.
The gnoll attacks as you move away! The gnoll hits you with a +0 whip.
* * * LOW HITPOINT WARNING * * *
You see here a +0 hand axe.
The gnoll attacks as you move away! The gnoll closely misses you.
The gnoll attacks as you move away! The gnoll hits you with a +0 whip!
* * * LOW HITPOINT WARNING * * *
The gnoll closely misses you.
Things that are here:
a +0 war axe; a +0 ring mail; an orc corpse The gnoll attacks as you move away!
The gnoll closely misses you.
There is a stone staircase leading up here.
The gnoll hits you with a +0 whip.
You die...

. .#
#######!##
##)S)##.g.##.
#@g♣).wg♣..S.
##.).##g..#
#######+##


You could see a gnoll (swift) and an adder.

Vanquished Creatures
  A necrophage (D:4)
  2 scorpions (D:4)
  A hound (D:4)
  A jelly (D:4)
  Terence (D:3)
  An orc priest (D:4)
  2 iguanas (D:4)
  An orc wizard (D:4)
  Robin (D:3)
  6 adders
  3 gnolls (D:4)
  A river rat (Sewer)
  A worm (D:2)
  A dart slug (D:1)
  14 orcs
  5 endoplasms
  8 giant cockroaches
  2 hobgoblins
  3 jackals (D:3)
  4 quokkas
  11 ball pythons
  5 bats
  3 frilled lizards (Sewer)
  20 goblins
  5 kobolds
  10 rats
113 creatures vanquished.

Notes
Turn   | Place    | Note
-------+----------+-------------------------------------------
     0 | D:1      | nickcage the Kobold Enchanter began the quest for the Orb.
     0 | D:1      | Reached XP level 1. HP: 10/10 MP: 3/3
   113 | D:1      | Reached XP level 2. HP: 8/15 MP: 5/5
   116 | D:1      | Learned a level 2 spell: Ensorcelled Hibernation
   698 | D:1      | Found a faded altar of an unknown god.
   703 | D:1      | Got Plato's Almanac of Outbursts
   785 | D:1      | Reached XP level 3. HP: 14/19 MP: 3/6
  1648 | D:2      | Found an opulent altar of Gozag.
  2698 | D:3      | Reached XP level 4. HP: 24/24 MP: 7/7
  3111 | D:3      | Noticed Terence
  3120 | D:3      | Killed Terence
  3738 | D:3      | Noticed Robin
  3758 | D:3      | Reached XP level 5. HP: 27/28 MP: 5/8
  3920 | D:3      | Killed Robin
  4512 | D:4      | Reached skill level 5 in Short Blades
  4526 | D:4      | Found a staircase to the Ecumenical Temple.
  4532 | Temple   | Entered the Ecumenical Temple
  4781 | D:4      | Reached XP level 6. HP: 33/33 MP: 4/9
  4817 | D:4      | Reached skill level 5 in Stealth
  4857 | D:4      | Found a glowing drain.
  4911 | Sewer    | Entered a sewer
  5601 | D:4      | Reached skill level 1 in Fighting
  5601 | D:4      | Reached XP level 7. HP: 33/38 MP: 3/10
  5691 | D:4      | Reached skill level 6 in Stealth
  6161 | D:4      | Reached skill level 7 in Stealth
  6472 | D:5      | Entered Level 5 of the Dungeon
  6594 | D:5      | Slain by a gnoll

Illustrated notes

Levels and vault maps discovered:
D:1:      minmay_arrival_diagonal_passages, layout_loops_ring,
          shapermc_ecumenical_altar_rom_forum, nrook_loot_triangle
D:2:      layout_rooms, basic_altar
D:3:      kennysheep_goblin_castle, layout_loops_corners, serial_bayou_crossing,
          uniq_terence
D:4:      layout_cave_pools, temple_pool_b, gup_sewer_entry_pipe, nicolae_titane
D:5:      layout_basic, nicolae_eternal_life, chequers_serial_rivers_room_b,
          grunt_ministairs_5, nicolae_shop_fire_sale [nicolae_sub_dead_trees],
          st_stairs_10, kennysheep_small_circle
Temple:   nicolae_temple_elliptical

Skill      XL: |  1  2  3  4  5  6  7 |
---------------+----------------------+-----
Short Blades   | 2 4 5 6 |  6.8
Hexes          | 4 |  4.1
Stealth        | 5 7 |  7.4
Fighting       | 1 |  1.4
Dodging        | |  2.4
Spellcasting   | |  2.4
Ice Magic      | |  0.5

Action                   |  1- 3 |  4- 6 |  7- 9 || total
-------------------------+-------+-------+-------++-------
Melee: Dagger            |    87 |   132 |    39 ||   258
       Punch             |       |     2 |       ||     2
 Cast: Ensorcelled Hiber |    12 |    35 |    17 ||    64
  Use: Scroll            |       |     1 |       ||     1
 Stab: Sleeping          |    24 |    38 |    16 ||    78
       Held in net/web   |     1 |       |       ||     1
       Distracted        |       |     1 |       ||     1
Armor: Robe              |     6 |    21 |     4 ||    31
Dodge: Dodged            |    45 |   130 |    20 ||   195

Table legend: (Time is in decaauts)
 A = Elapsed time spent in this place.
 B = Non-inter-level travel time spent in this place.
 C = Inter-level travel time spent in this place.
 D = Time resting spent in this place.
 E = Time spent auto-exploring this place.
 F = Levels seen in this place.
 G = Mean time per level.
                   A        B        C        D        E       F      G
               +--------+--------+--------+--------+--------+-----+--------+
         Total |   6610 |   6480 |    130 |   1519 |   4075 |   7 |  944.3 |
       Dungeon |   5892 |   5772 |    120 |   1519 |   3507 |   5 | 1178.4 |
        Temple |    225 |    215 |     10 |      0 |    199 |   1 |  225.0 |
         Sewer |    492 |    492 |      0 |      0 |    369 |   1 |  492.0 |
               +--------+--------+--------+--------+--------+-----+--------+

Top non-repeatable levels by time:
     D:3: 2235 daAuts
     D:4: 1280 daAuts
     D:2: 1182 daAuts
     D:1: 1074 daAuts
   Sewer: 492 daAuts
  Temple: 225 daAuts
     D:5: 120 daAuts
